Map: Pillars of Gold LE

Players

Kas

  • Race: Terran Terran
  • League: Grandmaster
  • Spawn Location: 7:00

Lambo - Winner!

  • Race: Zerg Zerg
  • League: Master
  • Spawn Location: 1:00

Event: DreamHack SC2 Masters 2020 Winter

VOD

Have the link to the VOD?

Description

Time

  • Played on: Oct. 14, 2020, 2:18 p.m.
  • Length: 15:28

All games in this series

Show
View Real Time Build Order
Export as new Build Order

Kas Terran 

Build Orders: Liberator Opening, Reaper Expand 

Get SALT Encoding   

  12  0:02  SCV  
  13  0:14  SCV  
  13  0:18  Supply Depot  
  14  0:26  SCV  
  15  0:40  SCV  
  15  0:41  Barracks  
  16  0:46  Refinery  
  16  0:52  SCV  
  17  1:05  SCV  
  18  1:17  SCV  
  19  1:28  Reaper  
  19  1:29  Orbital Command  
  20  1:41  Command Center  
  20  1:51  Supply Depot  
  20  1:55  SCV  
  20  2:00  Marine  
  22  2:07  SCV  
  23  2:10  Factory  
  23  2:13  Refinery  
  23  2:19  SCV  
  24  2:22  Barracks Reactor  
  24  2:33  SCV  
  25  2:45  SCV  
  26  2:55  Orbital Command, Starport  
  26  2:57  SCV  
  27  3:07  Hellion x2  
  27  3:10  SCV  
  32  3:20  SCV  
  32  3:22  SCV  
  34  3:28  Hellion x2  
  34  3:31  Liberator  
  34  3:33  SCV  
  34  3:34  SCV  
  43  3:37  Supply Depot  
  43  3:45  SCV  
  43  3:46  SCV  
  45  3:57  SCV  
  45  3:59  SCV  
  45  4:00  Hellion x2  
  51  4:03  Supply Depot  
  51  4:09  SCV  
  52  4:10  Command Center  
  52  4:11  SCV  
  53  4:21  SCV  
  54  4:25  SCV, Hellion x2  
  54  4:26  Supply Depot  
  59  4:31  Barracks Tech Lab  
  59  4:33  SCV, Supply Depot  
  59  4:36  Starport Reactor  
  59  4:37  SCV  
  61  4:42  Barracks  
  61  4:45  SCV  
  62  4:49  SCV  
  62  4:51  Stimpack, Marine  
  64  4:53  Factory Reactor  
  64  4:56  Barracks  
  64  4:57  SCV  
  65  5:01  SCV  
  65  5:03  Engineering Bay  
  65  5:05  Engineering Bay  
  66  5:09  SCV, Marine  
  66  5:17  SCV  
  63  5:23  SCV  
  63  5:24  Orbital Command  
  63  5:27  Marine  
  63  5:29  SCV  
  55  5:35  SCV  
  55  5:41  SCV, Starport Reactor  
  57  5:43  Terran Infantry Weapons Level 1, Refinery, Marine x2, Terran Infantry Armor Level 1  
  57  5:44  Refinery  
  57  5:45  Marine  
  57  5:46  Marine, Barracks  
  57  5:47  Marine, Barracks  
  57  5:49  SCV  
  63  5:50  Factory Reactor  
  63  5:52  SCV  
  64  5:59  SCV  
  64  6:01  Marine  
  64  6:02  SCV  
  64  6:04  Orbital Command, Marine x2  
  64  6:05  Marine x2  
  64  6:11  SCV  
  69  6:13  Supply Depot  
  69  6:14  SCV  
  69  6:16  Supply Depot  
  70  6:19  Marine  
  70  6:23  SCV  
  71  6:25  Marine x2  
  71  6:26  Medivac, Marine  
  71  6:27  Medivac  
  71  6:29  Widow Mine x2  
  71  6:30  Combat Shield  
  71  6:31  SCV x2  
  84  6:33  Marine x3  
  84  6:36  Marine  
  84  6:38  Barracks Reactor  
  88  6:40  SCV  
  88  6:43  SCV, Armory, Marine x2  
  90  6:49  Marine  
  90  6:50  SCV, Marine  
  90  6:51  Marine  
  90  6:52  SCV  
  95  6:54  Marine x2  
  95  6:55  Factory  
  95  6:56  Widow Mine x2  
  95  6:58  SCV  
  95  7:01  Marine x2  
  102  7:02  SCV  
  102  7:04  SCV  
  102  7:06  Marine  
  102  7:07  Supply Depot  
  102  7:08  Supply Depot, Marine  
  107  7:09  Marine  
  107  7:15  Supply Depot  
  109  7:27  SCV  
  109  7:28  SCV x2, Marine x6  
  109  7:29  Medivac x2, Widow Mine x2  
  123  7:30  Supply Depot x2  
  113  7:39  SCV  
  113  7:40  SCV x2, Supply Depot  
  113  7:41  Supply Depot  
  113  7:42  Terran Infantry Weapons Level 2, Factory Tech Lab  
  115  7:44  Terran Infantry Armor Level 2  
  115  7:46  Marine x2  
  117  7:52  Marine  
  117  7:54  Marine x2  
  117  7:56  SCV x2  
  122  8:00  Medivac x2, Bunker  
  122  8:01  Drilling Claws  
  122  8:03  Widow Mine, Marine  
  129  8:11  Marine x2  
  129  8:12  Widow Mine, Marine x2  
  135  8:15  Supply Depot  
  135  8:22  Command Center  
  134  8:28  Marine  
  134  8:33  Marine x2  
  137  8:40  Marine x6  
  143  8:42  Medivac, Widow Mine x3  
  143  8:46  Marine  
  151  8:51  Marine  
  151  8:54  Marine  
  128  8:56  SCV x2  
  128  8:57  SCV  
  128  8:58  Marine  
  128  9:00  Marine  
  128  9:01  Marine  
  128  9:02  Marine x2  
  136  9:03  Widow Mine x2  
  136  9:08  SCV x2  
  136  9:09  SCV  
  143  9:10  Supply Depot x2  
  143  9:11  Marine x2  
  143  9:16  Marine x2  
  146  9:23  Marine  
  146  9:28  SCV x2  
  146  9:29  Medivac x2  
  146  9:30  Marine x5  
  157  9:31  Marine  
  157  9:34  Marine x2  
  160  9:38  SCV  
  160  9:40  SCV  
  160  9:41  Marine  
  159  9:48  Marine x4  
  152  9:54  Marine  
  152  9:57  Marine x3  
  152  9:59  Medivac, Marine  
  159  10:06  Marine x4  
  163  10:12  Marine  
  163  10:14  SCV x2  
  159  10:15  Marauder, Marine x2  
  159  10:16  Marine  
  161  10:24  Marine x4  
  161  10:25  Widow Mine x2  
  158  10:30  Marine  
  158  10:31  SCV  
  158  10:32  Marine  
  158  10:33  Marine  
  158  10:34  Bunker, Marine  
  163  10:37  Marauder  
  163  10:39  Planetary Fortress, Widow Mine  
  163  10:41  Marine  
  163  10:42  Marine x3  
  171  10:46  Widow Mine  
  171  10:47  Marine  
  174  10:50  Marine x2  
  174  10:52  Marine  
  174  10:53  Medivac x2, Widow Mine  
  180  10:58  Marine  
  180  10:59  Marine  
  180  11:00  Widow Mine  
  171  11:06  Marine x3  
  171  11:08  SCV x3, Widow Mine  
  171  11:10  Refinery  
  179  11:14  Widow Mine  
  179  11:16  Marine x2  
  149  11:20  SCV x3  
  149  11:22  Command Center  
  153  11:25  SCV  
  153  11:27  Marine  
  153  11:28  Marine x2  
  153  11:32  SCV x2  
  158  11:34  Marauder, Marine x3  
  158  11:35  Widow Mine  
  158  11:40  Marine x2  
  158  11:45  Marine  
  161  11:51  SCV  
  161  11:54  Marine x5, Barracks  
  162  11:55  Marauder  
  162  11:56  Medivac x2, Widow Mine, Barracks x2  
  162  11:58  Marine  
  162  11:59  Widow Mine x2  
  180  12:02  Marine  
  180  12:03  Marine  
  169  12:12  Marine x5  
  167  12:16  Marine x2  
  167  12:20  Marine  
  167  12:21  Marine  
  166  12:24  Widow Mine  
  166  12:26  Liberator  
  166  12:27  Liberator  
  158  12:31  Marine x2  
  158  12:32  Marine x3  
  158  12:34  Marine  
  140  12:40  Marauder, Marine x3  
  145  12:45  Siege Tank  
  145  12:49  Marine x3  
  125  13:01  Marauder, Marine x2  
  125  13:03  Widow Mine  
  125  13:04  Barracks Tech Lab  
  125  13:05  Planetary Fortress  
  121  13:07  SCV  
  121  13:09  Liberator  
  121  13:10  Marine x2  
  103  13:21  Marine x2  
  103  13:30  Widow Mine  
  103  13:33  Marauder  
  98  13:35  Orbital Command, Marine x2  
  98  13:36  Widow Mine, Liberator  
  98  13:39  Marine  
  98  13:41  Marine  
  99  13:51  Missile Turret  
  99  13:52  Widow Mine  
  99  13:53  Marine x2  
  99  13:54  Marine  
  87  13:57  Marine  
  87  13:58  Marine  
  75  14:15  Marine  
  75  14:16  Marine  
  77  14:21  Medivac  
  77  14:22  Widow Mine x2  
  81  14:32  Marine  
  81  14:34  Marine  
  76  14:44  Medivac  
  65  14:50  Marine  
  65  14:52  Marine, Widow Mine  
  69  14:53  Widow Mine  
  69  14:54  Barracks  
  69  14:55  Barracks  
  69  14:58  SCV x2  
  69  15:08  Marine  
Show
View Real Time Build Order
Export as new Build Order

Lambo Zerg - Winner!

Build Orders: Hatch First, Lurkers 

Get SALT Encoding   

  12  0:00  Drone  
  13  0:12  Overlord  
  13  0:17  Drone  
  14  0:31  Drone x2  
  16  0:50  Hatchery  
  16  0:53  Drone  
  16  0:56  Drone  
  17  1:00  Drone  
  18  1:10  Extractor  
  17  1:15  Spawning Pool  
  16  1:19  Drone  
  16  1:22  Drone  
  18  1:28  Drone  
  19  1:39  Drone  
  20  1:52  Overlord  
  20  2:02  Queen x2  
  20  2:03  Zergling x4  
  26  2:12  Drone  
  26  2:13  Drone  
  26  2:14  Metabolic Boost  
  28  2:21  Drone  
  29  2:23  Drone  
  28  2:42  Hatchery  
  27  2:44  Drone  
  27  2:48  Drone  
  29  2:53  Drone  
  29  2:57  Pneumatized Carapace  
  30  2:59  Drone  
  31  3:06  Drone  
  31  3:09  Overlord, Drone  
  33  3:15  Drone x2  
  35  3:24  Overlord  
  35  3:27  Queen  
  35  3:28  Drone x2  
  35  3:32  Drone x2  
  41  3:37  Drone  
  42  3:42  Queen, Drone  
  42  3:47  Zergling x4  
  47  3:51  Drone x2  
  47  3:53  Overlord  
  49  3:58  Drone  
  49  4:00  Drone  
  49  4:02  Queen  
  53  4:12  Drone x3  
  53  4:15  Zergling x8  
  60  4:23  Drone x2  
  62  4:26  Queen  
  62  4:27  Overlord  
  62  4:29  Overlord  
  64  4:32  Overlord  
  64  4:34  Spore Crawler  
  64  4:36  Spore Crawler  
  62  4:39  Overlord  
  62  4:40  Drone x2  
  62  4:42  Drone  
  65  4:49  Drone x5  
  65  4:50  Drone  
  69  4:56  Drone x3  
  72  5:00  Drone  
  72  5:01  Drone  
  72  5:05  Zergling x4, Evolution Chamber  
  72  5:06  Evolution Chamber  
  74  5:12  Zergling x6  
  74  5:14  Zergling x2  
  74  5:15  Zergling x4  
  74  5:20  Evolution Chamber  
  70  5:23  Drone x2  
  70  5:26  Drone x3  
  76  5:33  Drone x3  
  77  5:37  Zerg Melee Weapons Level 1, Zerg Ground Armor Level 1  
  77  5:40  Extractor  
  77  5:41  Extractor  
  75  5:47  Drone x4  
  75  5:48  Drone  
  80  5:50  Lair  
  80  5:52  Extractor  
  79  6:00  Hatchery, Drone x3  
  79  6:01  Drone  
  80  6:10  Baneling Nest  
  79  6:11  Zergling x16  
  79  6:16  Zergling x2  
  88  6:22  Overlord  
  88  6:23  Zergling x2  
  88  6:24  Overlord  
  89  6:27  Overlord  
  89  6:30  Overlord  
  89  6:36  Overlord  
  89  6:37  Overlord  
  89  6:39  Overlord  
  89  6:40  Overlord  
  89  6:42  Overlord  
  89  6:45  Zergling x10  
  89  6:46  Zergling x2  
  95  6:49  Zergling x2  
  95  6:52  Drone x3  
  99  6:56  Centrifical Hooks  
  99  7:02  Zergling x6  
  99  7:06  Drone  
  103  7:15  Drone x8, Extractor  
  110  7:16  Hydralisk Den  
  110  7:17  Baneling x4  
  110  7:18  Drone  
  110  7:19  Baneling x2  
  109  7:23  Zergling x8  
  113  7:31  Zergling x4  
  113  7:32  Overlord  
  107  7:39  Drone x7  
  107  7:41  Zerg Ground Armor Level 2, Zerg Melee Weapons Level 2  
  107  7:42  Extractor  
  113  7:44  Drone x2  
  113  7:50  Zergling x16  
  119  7:51  Overseer  
  119  7:53  Zergling x2  
  119  7:54  Muscular Augments  
  119  7:56  Baneling x4  
  119  7:57  Hatchery, Drone  
  119  7:58  Queen  
  122  8:04  Hydralisk x4  
  130  8:07  Hydralisk  
  130  8:09  Drone x3  
  130  8:10  Drone  
  136  8:15  Infestation Pit  
  136  8:16  Baneling x2  
  135  8:20  Zergling x14, Spore Crawler  
  140  8:28  Baneling x8  
  140  8:32  Zergling x18  
  149  8:37  Zergling x8  
  149  8:41  Zergling x4  
  153  8:44  Zergling x8  
  149  8:48  Zergling x2  
  149  8:49  Zergling x6  
  149  8:50  Baneling x4  
  138  8:57  Zergling x12  
  138  9:01  Baneling  
  144  9:04  Lurker Den  
  144  9:05  Extractor, Baneling x6  
  144  9:06  Overseer x2  
  144  9:09  Zergling x14  
  149  9:12  Drone x3  
  149  9:15  Extractor  
  149  9:17  Zergling x4  
  152  9:20  Zergling x4  
  152  9:24  Baneling x8  
  153  9:25  Drone x2  
  153  9:27  Hive  
  153  9:40  Baneling x2  
  153  9:44  Drone x3  
  156  9:48  Drone x2  
  156  9:52  Zergling x20  
  160  9:56  Zergling x4  
  158  10:01  Spine Crawler, Baneling x9  
  158  10:02  Overlord x2  
  158  10:03  Overlord x2  
  158  10:06  Overlord  
  156  10:09  Overlord  
  145  10:14  Zergling x16  
  145  10:17  Zerg Missile Weapons Level 1, Grooved Spines  
  145  10:19  Zergling x2  
  144  10:28  Zergling x8  
  143  10:36  Hydralisk x10  
  143  10:38  Hydralisk  
  143  10:40  Seismic Spines  
  143  10:41  Zerg Ground Armor Level 3  
  165  10:45  Zergling x6  
  165  10:47  Baneling x2  
  168  10:51  Zergling x12  
  168  10:53  Zergling x2  
  164  10:58  Zergling x10  
  162  11:05  Overseer  
  162  11:06  Lurker x2  
  162  11:07  Lurker x3  
  162  11:08  Drone x9  
  162  11:10  Zergling x4  
  177  11:17  Zergling x2  
  159  11:24  Lurker  
  159  11:25  Zergling x20, Lurker x2  
  172  11:37  Hatchery  
  172  11:39  Zergling x24  
  183  11:41  Adrenal Glands  
  183  11:43  Baneling x2  
  185  11:47  Lurker x2  
  185  11:48  Baneling x4  
  185  11:53  Zergling x16  
  193  11:54  Spore Crawler, Baneling x4  
  193  11:55  Baneling  
  193  11:56  Zergling x2  
  193  11:57  Zergling x2  
  194  12:05  Zergling x2  
  194  12:06  Zergling x14  
  194  12:08  Baneling x9  
  184  12:15  Zergling x14  
  174  12:22  Zergling x10  
  158  12:27  Zergling x6  
  145  12:33  Hydralisk x3  
  145  12:36  Overseer  
  140  12:37  Hydralisk x3  
  140  12:44  Baneling  
  136  12:45  Baneling x9  
  136  12:46  Zergling x6  
  139  12:54  Zergling x10  
  144  13:02  Zergling x6  
  141  13:07  Zergling x2  
  141  13:08  Zergling x4  
  141  13:11  Overseer  
  139  13:19  Hydralisk x3  
  127  13:26  Hydralisk x2  
  122  13:35  Hydralisk x5  
  122  13:39  Hydralisk  
  125  13:48  Hydralisk x3  
  125  13:53  Hydralisk x2  
  128  14:01  Hydralisk  
  129  14:04  Adaptive Talons  
  129  14:05  Zergling x8  
  129  14:08  Zergling x2  
  129  14:09  Zergling x2  
  126  14:15  Zergling x2  
  126  14:20  Hydralisk x5  
  136  14:25  Lurker x3  
  140  14:31  Lurker x2  
  140  14:32  Zergling x6  
  140  14:36  Zergling x6  
  138  14:39  Zergling x2  
  138  14:40  Zergling x2  
  138  14:41  Zergling x2  
  129  14:47  Zergling x10  
  129  14:49  Zergling x2  
  135  14:53  Zergling x2  
  135  14:54  Lurker  
  135  14:55  Lurker x2  
  139  15:09  Drone x2  
  139  15:10  Drone x4  
  145  15:20  Hatchery  
Tags
 
Add a new tag
Caveats
  • Supply blocks, unpowered buildings, or Contaminate may cause inaccurate times.
  • Supply counts are checked every 10 seconds.